 Dungeon Crawl Stone Soup version 0.29.0-4-gdea44cf6ec (webtiles) character file.

Game seed: 2995666284858173619

39 qw the Chopper (level 3, 0/21 HPs)
             Began as a Tengu Warper on Aug 29, 2022.
             Succumbed to an adder's poison
             ... on level 2 of the Dungeon.
             The game lasted 00:00:07 (750 turns).

qw the Chopper (Tengu Warper)                        Turns: 750, Time: 00:00:08

Health: 0/21       AC:  5    Str: 13    XL:     3   Next: 45%
Magic:  7/7        EV: 12    Int: 13    God:
Gold:   23         SH:  0    Dex: 13    Spells: 6/6 levels left

rFire   . . .      SeeInvis .   Y - +0 hand axe
rCold   . . .      Faith    .   (no shield)
rNeg    . . .      Spirit   .   b - +0 leather armour
rPois   .          Reflect  .   (helmet restricted)
rElec   .          Harm     .   (no cloak)
rCorr   .          Rampage  .   h - +1 pair of gloves
Will    .....                   (boots unavailable)
Stlth   +.........              (no amulet)
HPRegen 0.07/turn               (no ring)
MPRegen 0.10/turn               (no ring)

@: lethally poisoned (0 -> -6)
A: beak, talons 3
a: no special abilities


You were on level 2 of the Dungeon.
You visited 1 branch of the dungeon, and saw 2 of its levels.

You collected 23 gold pieces.


Innate Abilities, Weirdness & Mutations

You have a beak for a mouth.
You have claws for feet.


   Skills:
 - Level 2.0 Fighting
 + Level 4.1 Axes
 - Level 1.0 Throwing
 - Level 1.1 Armour
 - Level 2.1 Dodging
 - Level 2.0 Spellcasting
 - Level 2.4 Translocations


You had 6 spell levels left.
You didn't know any spells.
Your spell library contained the following spells:

 Spells                   Type           Power      Damage    Failure   Level
 Blink                    Tloc           14%        N/A       19%         2
 Gell's Gravitas          Tloc           7%         N/A       36%         3
 Lesser Beckoning         Tloc           7%         N/A       36%         3
 Teleport Other           Tloc           7%         N/A       36%         3
 Manifold Assault         Tloc           7%         N/A       98%         5

Inventory:

Hand Weapons
 f - a +0 whip
 Y - a +0 hand axe (weapon)
Armour
 b - a +0 leather armour (worn)
 h - a +1 pair of gloves (worn)
Scrolls
 a - 2 scrolls of identify
 c - a scroll of magic mapping {unknown}
Potions
 d - a potion of degeneration {unknown}
 e - a potion of lignification {unknown}
 g - a potion of brilliance {unknown}

Dungeon Overview and Level Annotations

Branches:
Dungeon (2/15)

Altars:
Ru

Shops:
D:1 (


Message History

A ball python comes into view.
You miss the adder.
The adder is moderately wounded.
You feel sick. The adder barely misses you.
You closely miss the adder.
The adder is lightly wounded.
You feel sick.
The ball python hisses angrily.
The adder bites you. The adder closely misses you.
You closely miss the adder.
The adder is lightly wounded.
You closely miss the ball python.
You feel sick.
The ball python bites you but does no damage.
The ball python grabs you. The ball python constricts you.
The adder barely misses you. The ball python bites you.
The ball python constricts you.
You hit the ball python. You claw the ball python.
You kill the ball python!
You closely miss the adder.
You feel sick. The adder closely misses you.
You closely miss the adder. You peck the adder.
The adder is moderately wounded.
You feel sick. The adder misses you. The adder bites you but does no damage.
You barely miss the adder. Your peck misses the adder.
The adder is moderately wounded.
You feel sick. The adder bites you but does no damage.
You barely miss the adder.
The adder is moderately wounded.
You feel sick.
You are no longer poisoned.
The adder bites you.
You are lethally poisoned!
The adder poisons you! The adder closely misses you.
You miss the adder.
The adder is moderately wounded.
You feel sick. The adder bites you but does no damage.
You hit the adder.
The adder is heavily wounded.
You die...

####### #S@...####
#P%###....# #######
#.. ####.## ......#
#... #..#######
......# #...
##........
.._...#######.#.
####........
......'....###.#
#.........>.
......####.## #
##.#......... ......#
#..#######..#.........


You could see an adder.

Vanquished Creatures
  A worm (D:2)
  A dart slug (D:1)
  6 ball pythons
  4 endoplasms
  A giant cockroach (D:1)
  3 goblins
  4 hobgoblins
  2 kobolds (D:1)
  2 bats (D:1)
  2 frilled lizards (D:1)
  4 rats
30 creatures vanquished.

Notes
Turn   | Place    | Note
-------+----------+-------------------------------------------
     0 | D:1      | qw the Tengu Warper began the quest for the Orb.
     0 | D:1      | Reached XP level 1. HP: 12/12 MP: 4/4
     0 | D:1      | 0 ||| qw: Version: 0.1-a-89-g26bdef1
     0 | D:1      | 0 ||| qw: Game counter: 3592
     0 | D:1      | 0 ||| qw: Always use a shield: true
     0 | D:1      | 0 ||| qw: God list: Okawaru
     0 | D:1      | 0 ||| qw: Allow faded altars: false
     0 | D:1      | 0 ||| qw: Do Orc after D:15 true
     0 | D:1      | 0 ||| qw: Do second Lair branch before Depths: true
     0 | D:1      | 0 ||| qw: Lair rune preference: random
     0 | D:1      | 0 ||| qw: Plans: Normal
     0 | D:1      | 0 ||| PLANNING D:1-11
   151 | D:1      | Reached XP level 2. HP: 17/17 MP: 6/6
   163 | D:1      | Reached skill level 3 in Axes
   170 | D:1      | 170 ||| Stepping ~*~*~tactically~*~*~ (stealth).
   172 | D:1      | 172 ||| Stepping ~*~*~tactically~*~*~ (stealth).
   175 | D:1      | 175 ||| Stepping ~*~*~tactically~*~*~ (stealth).
   176 | D:1      | 176 ||| Stepping ~*~*~tactically~*~*~ (stealth).
   177 | D:1      | 177 ||| Stepping ~*~*~tactically~*~*~ (stealth).
   180 | D:1      | 180 ||| Stepping ~*~*~tactically~*~*~ (stealth).
   212 | D:1      | 212 ||| Stepping ~*~*~tactically~*~*~ (stealth).
   260 | D:1      | Found Fyarpheid's Antique Weapon Shoppe.
   262 | D:1      | 262 ||| Stepping ~*~*~tactically~*~*~ (stealth).
   272 | D:1      | 272 ||| Stepping ~*~*~tactically~*~*~ (stealth).
   473 | D:1      | Found a faded altar of an unknown god.
   491 | D:1      | Reached XP level 3. HP: 20/21 MP: 7/7
   556 | D:1      | 556 ||| UPGRADING to +1 pair of gloves.
   561 | D:1      | 561 ||| READING 2 scrolls labelled XUS KUMO NUERPH.
   562 | D:1      | 562 ||| READING scroll labelled ZABUSOXZ TOMAP.
   563 | D:1      | 563 ||| DROPPING scroll of blinking.
   586 | D:2      | 586 ||| Stepping ~*~*~tactically~*~*~ (stealth).
   599 | D:2      | 599 ||| Stepping ~*~*~tactically~*~*~ (stealth).
   600 | D:2      | 600 ||| Stepping ~*~*~tactically~*~*~ (stealth).
   607 | D:2      | Reached skill level 4 in Axes
   658 | D:2      | Found a sacrificial altar of Ru.
   748 | D:2      | HP: 4/21 [adder (2)]
   750 | D:2      | Succumbed to an adder's poison

Levels and vault maps discovered:
D:1:      dpeg_arrival_three_smaller_balls, layout_rooms,
          ebering_ecumenical_altar_hall, serial_shops, shop
D:2:      layout_basic, basic_altar, st_stairs_2, serial_bayou_lagoon_a,
          minmay_shallow_snake_nest

Skill      XL: |  1  2  3 |
---------------+----------+-----
Axes           | 3 4 |  4.1
Fighting       | |  2.0
Throwing       | |  1.0
Armour         | |  1.1
Dodging        | |  2.1
Spellcasting   | |  2.0
Translocations | |  2.4

Action                   || total
-------------------------++-------
Melee: Hand axe          ||    66
       Peck              ||    12
       Kick              ||     5
Throw: Boomerang         ||     7
  Use: Scroll            ||     2
Armor: Leather armour    ||    20
Dodge: Dodged            ||    37

Table legend:
 A = Non-vault XP
 B = Vault XP
 C = Vault XP percentage of total XP
 D = Non-vault monster count
 E = Vault monster count
 F = Vault count percentage of total count
                 A         B        C        D         E       F
            +---------+---------+-------+---------+---------+-------
      Total |      48 |       8 |  14.3 |      25 |       5 |  16.7
            +---------+---------+-------+---------+---------+-------
        D:1 |      34 |       0 |   0.0 |      19 |       0 |   0.0
        D:2 |      14 |       8 |  36.4 |       6 |       5 |  45.5
            +---------+---------+-------+---------+---------+-------
